TOP OF THE 1ST |
Toronto Blue Jays batting - Pitching for Washington Nationals : RHP Danny Diaz
|
Pitching: RHP Danny Diaz
|
|
Batting: RHB Donny Burnside
|
0-0: Ball 1-0: Called Strike 1-1: Ground out 6-3 (Groundball, 56, EV 88.1 MPH)
|
Batting: RHB Danny Burnside
|
0-0: Ball 1-0: Ball 2-0: Foul Ball, location: 2F 2-1: Foul Ball, location: 2F 2-2: Ground out 4-3 (Groundball, 4, EV 83.8 MPH)
|
Batting: SHB Matt Altieri
|
0-0: Called Strike 0-1: Foul Ball, location: 2F 0-2: Ball 1-2: Ball 2-2: Ball 3-2: SOLO HOME RUN (Flyball, 7D, EV 95.6 MPH), Distance : 380 ft
|
Batting: LHB Willis Robles
|
0-0: Fly out, F7 (Line Drive, 7, EV 86.2 MPH)
|
Top of the 1st over - 1 run, 1 hit, 0 errors, 0 left on base; Toronto 1 - Washington 0 |
BOTTOM OF THE 1ST |
Washington Nationals batting - Pitching for Toronto Blue Jays : RHP Tony Rios
|
Pitching: RHP Tony Rios
|
|
Batting: SHB Mark Rennie
|
0-0: Swinging Strike 0-1: Foul Ball, location: 2F 0-2: Foul Ball, location: 2F 0-2: Strikes out looking
|
Batting: RHB Dave Vargas
|
0-0: SINGLE (Line Drive, 78S, EV 113.8 MPH)
|
Batting: LHB Seth Cook
|
0-0: Ball 1-0: Called Strike Dave Vargas steals 2nd base 1-1: SINGLE (Line Drive, 9LS, EV 104.4 MPH) Dave Vargas to third
|
Batting: RHB John Sanders
|
0-0: Called Strike 0-1: SINGLE (Groundball, 5S, EV 74.4 MPH) (infield hit) Dave Vargas scores Seth Cook to second
|
Batting: SHB Tze-meng Gan
|
0-0: Foul Ball, location: 2F 0-1: Swinging Strike 0-2: Ball 1-2: Foul Ball, location: 2F 1-2: Grounds into double play, 6-4-3 (Groundball, 6, EV 92.5 MPH)
|
Bottom of the 1st over - 1 run, 3 hits, 0 errors, 1 left on base; Toronto 1 - Washington 1 |
TOP OF THE 2ND |
Toronto Blue Jays batting - Pitching for Washington Nationals : RHP Danny Diaz
|
Batting: RHB C.J. Richerson
|
0-0: Called Strike 0-1: Called Strike 0-2: Foul Ball, location: 2F 0-2: Strikes out looking
|
Batting: LHB Nate Dean
|
0-0: Called Strike 0-1: Swinging Strike 0-2: Strikes out swinging
|
Batting: LHB Michael Byrd
|
0-0: Called Strike 0-1: DOUBLE (Line Drive, 78M, EV 105.6 MPH)
|
Batting: RHB Kirk Arp
|
0-0: Ball 1-0: Fly out, F7 (Flyball, 78M, EV 93.8 MPH)
|
Top of the 2nd over - 0 runs, 1 hit, 0 errors, 1 left on base; Toronto 1 - Washington 1 |
BOTTOM OF THE 2ND |
Washington Nationals batting - Pitching for Toronto Blue Jays : RHP Tony Rios
|
Batting: LHB Bi-jun Chien
|
0-0: Ball 1-0: Ball 2-0: Called Strike 2-1: Fly out, F7 (Line Drive, 78D, EV 102.5 MPH)
|
Batting: LHB Bob Melley
|
0-0: Ball 1-0: Ball 2-0: Called Strike 2-1: Ball 3-1: Base on Balls
|
Batting: RHB Dan Fallon
|
0-0: Ball 1-0: Foul Ball, location: 2F 1-1: SINGLE (Line Drive, 34D, EV 96.2 MPH) Bob Melley to second Runner from 2nd tries for 3rd, SAFE, throw by RF made to third
|
Batting: RHB Darren McCarty Jr.
|
0-0: Fly out, F3 (Popup, 3SF, EV 81.9 MPH)
|
Batting: SHB Mark Rennie
|
0-0: Ball 1-0: Foul Ball, location: 2F 1-1: Ground out 4-3 (Groundball, 34, EV 99.4 MPH)
|
Bottom of the 2nd over - 0 runs, 1 hit, 0 errors, 2 left on base; Toronto 1 - Washington 1 |
TOP OF THE 3RD |
Toronto Blue Jays batting - Pitching for Washington Nationals : RHP Danny Diaz
|
Batting: LHB Jon Schick
|
0-0: Ball 1-0: Called Strike 1-1: Ground out 3-1 (Groundball, 34S, EV 81.9 MPH)
|
Batting: RHB Donny Burnside
|
0-0: Called Strike 0-1: Ground out 4-3 (Groundball, 4, EV 105.0 MPH)
|
Batting: RHB Danny Burnside
|
0-0: Ball 1-0: Ball 2-0: Ground out 4-3 (Groundball, 4D, EV 107.5 MPH)
|
Top of the 3rd over - 0 runs, 0 hits, 0 errors, 0 left on base; Toronto 1 - Washington 1 |
BOTTOM OF THE 3RD |
Washington Nationals batting - Pitching for Toronto Blue Jays : RHP Tony Rios
|
Batting: RHB Dave Vargas
|
0-0: Ball 1-0: Swinging Strike 1-1: Swinging Strike 1-2: Ball 2-2: Ball 3-2: Fly out, F7 (Line Drive, 7, EV 86.2 MPH)
|
Batting: LHB Seth Cook
|
0-0: Foul Ball, location: 2F 0-1: Foul Ball, location: 2F 0-2: Ball 1-2: Foul Ball, location: 2F 1-2: Foul Ball, location: 2F 1-2: Strikes out swinging
|
Batting: RHB John Sanders
|
0-0: Called Strike 0-1: DOUBLE (Line Drive, 9LM, EV 109.4 MPH)
|
Batting: SHB Tze-meng Gan
|
0-0: Called Strike 0-1: Swinging Strike 0-2: Strikes out swinging
|
Bottom of the 3rd over - 0 runs, 1 hit, 0 errors, 1 left on base; Toronto 1 - Washington 1 |
TOP OF THE 4TH |
Toronto Blue Jays batting - Pitching for Washington Nationals : RHP Danny Diaz
|
Batting: SHB Matt Altieri
|
0-0: Foul Ball, location: 2F 0-1: Ball 1-1: Foul Ball, location: 2F 1-2: Foul Ball, location: 2F 1-2: Ball 2-2: Foul Ball, location: 2F 2-2: Foul Ball, location: 2F 2-2: Ball 3-2: Foul Ball, location: 2F 3-2: Strikes out looking
|
Batting: LHB Willis Robles
|
0-0: Foul Ball, location: 2F 0-1: Ball 1-1: Fly out, F7 (Flyball, 7, EV 85.6 MPH)
|
Batting: RHB C.J. Richerson
|
0-0: Ball 1-0: Ground out 6-3 (Groundball, 6, EV 86.2 MPH)
|
Top of the 4th over - 0 runs, 0 hits, 0 errors, 0 left on base; Toronto 1 - Washington 1 |
BOTTOM OF THE 4TH |
Washington Nationals batting - Pitching for Toronto Blue Jays : RHP Tony Rios
|
Batting: LHB Bi-jun Chien
|
0-0: Called Strike 0-1: Ball 1-1: Foul Ball, location: 2F 1-2: Strikes out swinging
|
Batting: LHB Bob Melley
|
0-0: Called Strike 0-1: Swinging Strike 0-2: Strikes out swinging
|
Batting: RHB Dan Fallon
|
0-0: Ball 1-0: DOUBLE (Line Drive, 3D, EV 105.6 MPH)
|
Batting: RHB Darren McCarty Jr.
|
0-0: Called Strike 0-1: Swinging Strike 0-2: Fly out, F7 (Line Drive, 7, EV 96.2 MPH)
|
Bottom of the 4th over - 0 runs, 1 hit, 0 errors, 1 left on base; Toronto 1 - Washington 1 |
TOP OF THE 5TH |
Toronto Blue Jays batting - Pitching for Washington Nationals : RHP Danny Diaz
|
Batting: LHB Nate Dean
|
0-0: Called Strike 0-1: Ball 1-1: Ball 2-1: Called Strike 2-2: SINGLE (Line Drive, 78M, EV 106.9 MPH)
|
Batting: LHB Michael Byrd
|
0-0: Called Strike 0-1: Ball 1-1: Ground out 5-3 (Groundball, 15, EV 86.9 MPH) Nate Dean to second
|
Batting: RHB Kirk Arp
|
0-0: Called Strike 0-1: Ball 1-1: Swinging Strike 1-2: Foul Ball, location: 2F 1-2: Ball 2-2: Strikes out swinging
|
Batting: LHB Jon Schick
|
0-0: Called Strike 0-1: Called Strike 0-2: Ball 1-2: Ball 2-2: Strikes out swinging
|
Top of the 5th over - 0 runs, 1 hit, 0 errors, 1 left on base; Toronto 1 - Washington 1 |
BOTTOM OF THE 5TH |
Washington Nationals batting - Pitching for Toronto Blue Jays : RHP Tony Rios
|
Batting: SHB Mark Rennie
|
0-0: SINGLE (Line Drive, 78S, EV 85.6 MPH)
|
Batting: RHB Dave Vargas
|
0-0: Called Strike 0-1: Ball 1-1: Ball 2-1: Fly out, F8 (Flyball, 8RM, EV 88.8 MPH)
|
Batting: LHB Seth Cook
|
0-0: Swinging Strike 0-1: SINGLE (Line Drive, 4D, EV 103.8 MPH) Mark Rennie to second
|
Batting: RHB John Sanders
|
0-0: Called Strike 0-1: Foul Ball, location: 2F 0-2: Ball 1-2: Strikes out swinging
|
Batting: SHB Tze-meng Gan
|
0-0: Called Strike 0-1: Foul Ball, location: 2F 0-2: Foul Ball, location: 2F 0-2: Ball 1-2: Ball 2-2: Strikes out looking
|
Bottom of the 5th over - 0 runs, 2 hits, 0 errors, 2 left on base; Toronto 1 - Washington 1 |
TOP OF THE 6TH |
Toronto Blue Jays batting - Pitching for Washington Nationals : RHP Danny Diaz
|
Batting: RHB Donny Burnside
|
0-0: Ball 1-0: Ball 2-0: Called Strike 2-1: Foul Ball, location: 2F 2-2: Ball 3-2: Base on Balls
|
Batting: RHB Danny Burnside
|
0-0: Called Strike 0-1: Called Strike Donny Burnside steals 2nd base (no throw) 0-2: Foul Ball, location: 2F 0-2: SINGLE (Line Drive, 56D, EV 102.5 MPH) Donny Burnside to third Runner from 3rd tries for Home, SAFE, throw by LF to home
|
Batting: SHB Matt Altieri
|
0-0: Ball 1-0: Ball 2-0: Swinging Strike 2-1: Swinging Strike 2-2: Fly out, F7 (Flyball, 78M, EV 84.4 MPH)
|
Batting: LHB Willis Robles
|
0-0: Called Strike 0-1: Ball 1-1: Swinging Strike 1-2: Foul Ball, location: 2F 1-2: 2-RUN HOME RUN (Flyball, 9LD, EV 93.8 MPH), Distance : 343 ft
|
Batting: RHB C.J. Richerson
|
0-0: Ball 1-0: Ball 2-0: Fly out, F8 (Line Drive, 8RD, EV 111.2 MPH)
|
Batting: LHB Nate Dean
|
0-0: Called Strike 0-1: Ball 1-1: Ball 2-1: Ball 3-1: Base on Balls
|
Batting: LHB Michael Byrd
|
0-0: TRIPLE (Flyball, 8RXD, EV 98.8 MPH) Nate Dean scores
|
Pitching: LHP Rafael Silva
|
|
Batting: RHB Kirk Arp
|
0-0: Foul Ball, location: 2F 0-1: Foul Ball, location: 2F 0-2: Strikes out swinging
|
Top of the 6th over - 4 runs, 3 hits, 0 errors, 1 left on base; Toronto 5 - Washington 1 |
BOTTOM OF THE 6TH |
Washington Nationals batting - Pitching for Toronto Blue Jays : RHP Tony Rios
|
Batting: LHB Bi-jun Chien
|
0-0: Swinging Strike 0-1: Fly out, F8 (Line Drive, 78M, EV 95.6 MPH)
|
Batting: LHB Bob Melley
|
0-0: Ball 1-0: Called Strike 1-1: Ball 2-1: SINGLE (Line Drive, 34D, EV 103.1 MPH)
|
Batting: RHB Dan Fallon
|
0-0: Ball 1-0: Fly out, F7 (Flyball, 7LM, EV 100.6 MPH)
|
Batting: RHB Darren McCarty Jr.
|
0-0: Called Strike 0-1: Ball 1-1: Ball 2-1: Ball 3-1: Foul Ball, location: 2F 3-2: 2-RUN HOME RUN (Line Drive, 89XD, EV 101.9 MPH), Distance : 398 ft
|
Batting: SHB Mark Rennie
|
0-0: Ball 1-0: Swinging Strike 1-1: Swinging Strike 1-2: SINGLE (Groundball, 4MS, EV 65.0 MPH) (infield hit)
|
Batting: RHB Dave Vargas
|
0-0: Called Strike 0-1: Fly out, F8 (Line Drive, 8RD, EV 93.8 MPH)
|
Bottom of the 6th over - 2 runs, 3 hits, 0 errors, 1 left on base; Toronto 5 - Washington 3 |
TOP OF THE 7TH |
Toronto Blue Jays batting - Pitching for Washington Nationals : LHP Rafael Silva
|
Batting: LHB Jon Schick
|
0-0: Foul Ball, location: 2F 0-1: Foul Ball, location: 2F 0-2: Ball 1-2: Ball 2-2: Fly out, F8 (Flyball, 89D, EV 98.8 MPH)
|
Batting: RHB Donny Burnside
|
0-0: Ball 1-0: Ball 2-0: Ball 3-0: Base on Balls
|
Batting: RHB Danny Burnside
|
0-0: Called Strike 0-1: Ball 1-1: SINGLE (Line Drive, 9S, EV 93.8 MPH) Donny Burnside to second Runner from 2nd tries for 3rd, SAFE, throw by RF made to third
|
Batting: SHB Matt Altieri
|
0-0: Foul Ball, location: 2F 0-1: Ground out 5-3 (Groundball, 25, EV 61.9 MPH) Danny Burnside to second
|
Batting: LHB Willis Robles
|
0-0: Called Strike 0-1: Called Strike 0-2: 3-RUN HOME RUN (Flyball, 78XD, EV 98.1 MPH), Distance : 392 ft
|
Batting: RHB C.J. Richerson
|
0-0: Called Strike 0-1: Ball 1-1: Ball 2-1: Ball 3-1: Called Strike 3-2: SINGLE (Groundball, 6MD, EV 95.0 MPH)
|
Pitching: RHP Seth Bowersox
|
|
Batting: LHB Nate Dean
|
0-0: Ball 1-0: Fly out, F8 (Flyball, 8RXD, EV 97.5 MPH)
|
Top of the 7th over - 3 runs, 3 hits, 0 errors, 1 left on base; Toronto 8 - Washington 3 |
BOTTOM OF THE 7TH |
Washington Nationals batting - Pitching for Toronto Blue Jays : RHP Tony Rios
|
Now at 2B: Dylan Novakowski
|
|
Now at SS: Brock Van Gilder
|
|
Batting: LHB Seth Cook
|
0-0: Swinging Strike 0-1: Swinging Strike 0-2: Ball 1-2: Foul Ball, location: 2F 1-2: Ball 2-2: Strikes out swinging
|
Batting: RHB John Sanders
|
0-0: Ball 1-0: Ball 2-0: Ball 3-0: Base on Balls
|
Pitching: LHP Keith Pratt
|
|
Batting: SHB Tze-meng Gan
|
0-0: Ball 1-0: Ball 2-0: Foul Ball, location: 2F 2-1: Foul Ball, location: 2F 2-2: Strikes out looking
|
Batting: LHB Bi-jun Chien
|
0-0: Swinging Strike 0-1: Swinging Strike 0-2: Foul Ball, location: 2F 0-2: Foul Ball, location: 2F 0-2: Ball 1-2: Strikes out swinging
|
Bottom of the 7th over - 0 runs, 0 hits, 0 errors, 1 left on base; Toronto 8 - Washington 3 |
TOP OF THE 8TH |
Toronto Blue Jays batting - Pitching for Washington Nationals : RHP Seth Bowersox
|
Batting: LHB Michael Byrd
|
0-0: Ball 1-0: Ball 2-0: Ball 3-0: Base on Balls
|
Batting: RHB Kirk Arp
|
0-0: Ball 1-0: Called Strike Michael Byrd steals 2nd base 1-1: Swinging Strike 1-2: Ball 2-2: Ball 3-2: SINGLE (Line Drive, 8LS, EV 111.9 MPH) Michael Byrd to third
|
Batting: LHB Jon Schick
|
0-0: Ball Wild Pitch! Michael Byrd scores Kirk Arp to second 1-0: Ball Kirk Arp is caught stealing 3rd base 2-5 2-0: Called Strike 2-1: Called Strike 2-2: Ball 3-2: Base on Balls
|
Batting: RHB Donny Burnside
|
0-0: Ball 1-0: Called Strike 1-1: Foul Ball, location: 2F 1-2: Strikes out swinging
|
Batting: RHB Danny Burnside
|
0-0: Ball 1-0: Fly out, F9 (Flyball, 9D, EV 90.6 MPH)
|
Top of the 8th over - 1 run, 1 hit, 0 errors, 1 left on base; Toronto 9 - Washington 3 |
BOTTOM OF THE 8TH |
Washington Nationals batting - Pitching for Toronto Blue Jays : LHP Keith Pratt
|
Batting: LHB Bob Melley
|
0-0: Called Strike 0-1: Swinging Strike 0-2: Foul Ball, location: 2F 0-2: Strikes out swinging
|
Batting: RHB Dan Fallon
|
0-0: Ball 1-0: Ball 2-0: Swinging Strike 2-1: Foul Ball, location: 2F 2-2: Ball 3-2: Base on Balls
|
Batting: RHB Darren McCarty Jr.
|
0-0: Swinging Strike 0-1: Fly out, F5 (Line Drive, 5L, EV 66.9 MPH)
|
Batting: SHB Mark Rennie
|
0-0: Ball 1-0: Foul Ball, location: 2F 1-1: Ball Wild Pitch! Dan Fallon to second 2-1: Ball 3-1: Swinging Strike 3-2: Strikes out swinging
|
Bottom of the 8th over - 0 runs, 0 hits, 0 errors, 1 left on base; Toronto 9 - Washington 3 |
TOP OF THE 9TH |
Toronto Blue Jays batting - Pitching for Washington Nationals : RHP Seth Bowersox
|
Pitching: RHP David Sly
|
|
Batting: SHB Matt Altieri
|
0-0: Called Strike 0-1: Ball 1-1: Ball 2-1: Ball 3-1: Foul Ball, location: 2F 3-2: Foul Ball, location: 2F 3-2: Base on Balls
|
Batting: LHB Willis Robles
|
0-0: Ball 1-0: Ball 2-0: Ball 3-0: Base on Balls Matt Altieri to second
|
Batting: RHB Brock Van Gilder
|
0-0: Ball Matt Altieri steals 3rd base Willis Robles to second 1-0: 3-RUN HOME RUN (Flyball, 9LD, EV 93.8 MPH), Distance : 347 ft
|
Batting: SHB Dylan Novakowski
|
0-0: Called Strike 0-1: Called Strike 0-2: Strikes out swinging
|
Batting: LHB Michael Byrd
|
0-0: Ball 1-0: Ball 2-0: Ball 3-0: Called Strike 3-1: Swinging Strike 3-2: Foul Ball, location: 2F 3-2: Foul Ball, location: 2F 3-2: Foul Ball, location: 2F 3-2: Strikes out swinging
|
Batting: RHB Kirk Arp
|
0-0: Ball 1-0: Ground out 6-3 (Groundball, 56, EV 83.1 MPH)
|
Top of the 9th over - 3 runs, 1 hit, 0 errors, 0 left on base; Toronto 12 - Washington 3 |
BOTTOM OF THE 9TH |
Washington Nationals batting - Pitching for Toronto Blue Jays : LHP Keith Pratt
|
Batting: RHB Dave Vargas
|
0-0: Ball 1-0: Ball 2-0: Called Strike 2-1: Ball 3-1: Called Strike 3-2: Foul Ball, location: 2F 3-2: Base on Balls
|
Pinch Hitting: RHB Hisayuki Akiyama
|
0-0: 2-RUN HOME RUN (Flyball, 7LD, EV 96.9 MPH), Distance : 362 ft
|
Batting: RHB John Sanders
|
0-0: Ball 1-0: Foul Ball, location: 2F 1-1: Ball 2-1: Foul Ball, location: 2F 2-2: Foul Ball, location: 2F 2-2: DOUBLE (Line Drive, 78D, EV 101.9 MPH)
|
Pitching: RHP Hoof Harted
|
|
Batting: SHB Tze-meng Gan
|
0-0: Fly out, F8 (Flyball, 8LM, EV 93.8 MPH)
|
Batting: LHB Bi-jun Chien
|
0-0: Called Strike 0-1: Ball 1-1: Ball 2-1: Foul Ball, location: 2F 2-2: Strikes out swinging
|
Batting: LHB Bob Melley
|
0-0: Called Strike 0-1: Swinging Strike 0-2: Ball 1-2: Strikes out swinging
|
Bottom of the 9th over - 2 runs, 2 hits, 0 errors, 1 left on base; Toronto 12 - Washington 5 |
|